 Dungeon Crawl Stone Soup version 0.32-a0-520-g344ed53f66 (webtiles) character file.

Game seed: 486334721185821718

54 KennySheep the Sneak (level 3, 28/28 HPs)
             Began as a Coglin Brigand on Feb 28, 2024.
             Got out of the dungeon alive.
             The game lasted 00:04:42 (1225 turns).

KennySheep the Sneak (Coglin Brigand)               Turns: 1225, Time: 00:04:43

Health: 28/28      AC:  3    Str: 11    XL:     3   Next: 91%
Magic:  3/3        EV: 12    Int: 10    God:
Gold:   20         SH:  0    Dex: 17    Spells: 2/2 levels left

rFire   . . .        a - +2 dagger {Constanze}
rCold   . . .        g - +0 dagger (venom) {Anan}
rNeg    . . .        b - +0 robe
rPois   .            (no helmet)
rElec   .            c - +0 cloak
rCorr   .            (no gloves)
SInv    .            (no boots)
Will    .....        (no amulet)
Stlth   +++          (ring unavailable)
HPRegen 0.24/turn    (ring unavailable)
MPRegen 0.08/turn

%: no passive effects
@: no status effects
A: off-hand wielding, slow wielding, warmup strikes, no rings
a: no special abilities


You escaped.
You visited 1 branch of the dungeon, and saw 2 of its levels.

You collected 20 gold pieces.

Inventory:

Hand Weapons
 a - a +2 dagger (weapon) {Constanze}
 g - a +0 dagger of venom (offhand) {Anan}
 i - a +0 sling
Missiles
 d - 9 poisoned darts (quivered)
 e - 3 curare-tipped darts
Armour
 b - a +0 robe (worn)
 c - a +0 cloak (worn)
Scrolls
 f - a scroll of torment {unknown}
 h - 2 scrolls of blinking {unknown}
 j - a scroll of teleportation {unknown}
 k - a scroll of identify {unknown}
 l - a scroll of enchant weapon {unknown}


   Skills:
 + Level 2.5 Fighting
 * Level 2.5 Short Blades
 - Level 1.9 Throwing
 + Level 1.5 Dodging
 + Level 3.6 Stealth


You had 2 spell levels left.
You didn't know any spells.
Your spell library contained the following spells:

 Spells                   Type           Power      Damage    Failure   Level
 Foxfire                  Conj/Fire      0%         2x1d4     36%         1
 Plasma Beam              Fire/Air       0%         2x1d10    100%        6
 Starburst                Conj/Fire      0%         6d3       100%        6


Dungeon Overview and Level Annotations

Branches:
Dungeon (2/15)

Altars:


Innate Abilities, Weirdness & Mutations

You can wield a second weapon in your off-hand.
It takes a long time for you to wield or remove held weapons.
Your first few attacks do less damage.
Your grasper-arms cannot wear rings.


Message History

You hit the ribbon worm with your +2 dagger.
The ribbon worm is moderately wounded.
You hit the ribbon worm but do no damage.
The ribbon worm is poisoned.
The ribbon worm expels a string of sticky webbing.
The stream of webbing hits you but does no damage.
You are caught in a web!
You are caught in a web!
You are caught in a web!
You are caught in a web!
The web tears apart.
The ribbon worm bites you.
You hit the ribbon worm with your +2 dagger.
The ribbon worm is heavily wounded.
You hit the ribbon worm but do no damage.
The ribbon worm looks as sick as possible!
You hit the ribbon worm but do no damage.
The ribbon worm looks as sick as possible!
The ribbon worm is severely wounded.
You hit the ribbon worm with your +2 dagger.
You kill the ribbon worm!
HP restored.
l - a scroll labelled HUUMUFR KERO You pick up a book of Fire and begin reading...
You add the spells Foxfire, Plasma Beam and Starburst to your library.
You see here a +0 sling.
You see here a +0 leather armour.
There is an open door here.
There is an open door here.
There is an open door here.
There is an open door here.
There is an open door here.
There is a stone staircase leading up here.
You climb upwards.
There is a stone staircase leading down here.
You see here a frilled lizard skeleton.
Things that are here:
a +0 short sword; a kobold skeleton
There is an open door here.
There is a staircase leading out of the dungeon here.
You have escaped!

#### ####
##.@##########..##
#....#......'....#
#....'......#....#
♣♣##..##########..##
#####
♣♣..#'##ß.......#'##
....#
♣♣♣...#..#..P...P.#..#
###.#
♣♣.....#..#...P.P..#..#
#.#
♣♣......#..#....P.P.#).#
#.#
♣.......#..#...P.P..#..#


There were no monsters in sight!

Vanquished Creatures
  An adder (D:2)
  A dart slug (D:1)
  A ribbon worm (D:2)
  2 ball pythons
  2 endoplasms (D:1)
  4 goblins (D:1)
  3 hobgoblins (D:1)
  5 jackals (D:1)
  2 quokkas
  4 bats
  7 frilled lizards (D:1)
  4 kobolds (D:1)
  A rat (D:1)
37 creatures vanquished.

Notes
Turn   | Place    | Note
-------+----------+-------------------------------------------
     0 | D:1      | KennySheep the Coglin Brigand began the quest for the Orb.
     0 | D:1      | Reached XP level 1. HP: 16/16 MP: 1/1
    92 | D:1      | Reached skill level 1 in Dodging
   182 | D:1      | Reached XP level 2. HP: 17/22 MP: 2/2
   458 | D:1      | Reached XP level 3. HP: 10/27 MP: 3/3
  1225 | D:$      | Got out of the dungeon alive.

Illustrated notes

Levels and vault maps discovered:
D:1:      sevenhm_arrival_forest_fort_large_4, layout_basic,
          minmay_tiny_reverse_x
D:2:      layout_basic, shapermc_ecumenical_altar_pompeii

Skill      XL: |  1  2 |
---------------+-------+-----
Dodging        | 1 |  1.5
Short Blades   | 2 |  2.5
Fighting       | |  2.5
Throwing       | |  1.9
Stealth        | |  3.6

Action                     || total
---------------------------++-------
  Melee: Dagger            ||   110
   Stab: Sleeping          ||     7
 Armour: Robe              ||    46
  Dodge: Dodged            ||    45

Table legend: (Time is in decaauts)
 A = Elapsed time spent in this place.
 B = Non-inter-level travel time spent in this place.
 C = Inter-level travel time spent in this place.
 D = Time resting spent in this place.
 E = Time spent auto-exploring this place.
 F = Levels seen in this place.
 G = Mean time per level.
                   A        B        C        D        E       F      G
               +--------+--------+--------+--------+--------+-----+--------+
         Total |   1217 |   1097 |    120 |      0 |    906 |   2 |  608.5 |
       Dungeon |   1217 |   1097 |    120 |      0 |    906 |   2 |  608.5 |
               +--------+--------+--------+--------+--------+-----+--------+

Top non-repeatable levels by time:
     D:1: 1111 daAuts
     D:2: 106 daAuts
